 Dungeon Crawl Stone Soup version 0.31.0-9-g3a7656b989 (webtiles) character file.

Game seed: 16650417810478687326

2464876 kuniqs the Slayer (level 27, 160/160 HPs)
             Began as a Vine Stalker Berserker on Jan 31, 2024.
             Was a Follower of Uskayaw.
             Escaped with the Orb
             ... and 3 runes
             ... and 4 gems!
             The game lasted 01:40:53 (46912 turns).

kuniqs the Slayer (Vine Stalker Berserker)         Turns: 46912, Time: 01:40:54

Health: 160/160    AC: 46    Str: 34    XL:     27
Magic:  47/47      EV: 15    Int: 15    God:    Uskayaw [*.....]
Gold:   1565       SH: 20    Dex: 18    Spells: 26/26 levels left

rFire   + + .        L - +8 Vampire's Tooth {megavamp}
rCold   + + .        S - +5 kite shield {rF+}
rNeg    + + .        f - +12 gold dragon scales
rPois   +            y - +2 helmet {SInv}
rElec   +            H - +0 cloak of a Thousand Ultimatums {rN++ Will+}
rCorr   .            B - +0 pair of fencer's gloves {Riposte Dex+3}
SInv    +            Q - +3 pair of mountain boots {steadfast, rC+}
Will    ++++.        j - amulet "Sesogor" {Acrobat ^Fragile +Blink Dex-5 Slay+5} Stlth
                     N - ring "Veavoowa" {^Contam rElec Str+6 Int+8 Slay+2}
HPRegen 1.26/turn    l - ring of the Magpie {MP+9 Slay+3}
MPRegen 0.30/turn

%: acrobat, guardian spirit
@: studying Unarmed Combat
A: fangs 3, regeneration 1, magic shield, antimagic bite, no potion heal 2,
deterioration 1
0: Orb of Zot
}: 3/15 runes: barnacled, silver, gossamer
a: Renounce Religion, Evoke Blink, Stomp


You escaped.
You worshipped Uskayaw.
Uskayaw was greatly pleased with you.
You visited 11 branches of the dungeon, and saw 51 of its levels.
You visited 1 bazaar.
You also visited: Trove, Sewer and Gauntlet.

You collected 7616 gold pieces.
You spent 6051 gold pieces at shops.

Inventory:

Hand Weapons
 L - the +8 Vampire's Tooth (weapon) {megavamp}
   (You bought it in a shop on level 1 of the Elven Halls)
 O - a +9 quick blade of protection
 U - a +9 quick blade of flaming
Missiles
 s - 6 throwing nets (quivered)
Armour
 f - +12 gold dragon scales (worn)
 q - the +0 helmet of Yrchememi {+Blink rPois rF++ rCorr}
   (You found it on level 4 of the Vaults)

   rF++:      It greatly protects you from fire.
   rPois:     It protects you from poison +Blink: It lets you blink.
   rCorr:     It protects you from acid and corrosion.
 y - a +2 helmet of see invisible (worn)
 B - the +0 pair of fencer's gloves (worn) {Riposte Dex+3}
   (You found it on level 5 of the Lair of Beasts)

   Riposte:   It allows the wearer to riposte with melee weapons, swiftly
   retaliating against missed or blocked melee attacks.
   Dex+3:     It affects your dexterity (+3).
 H - the +0 cloak of a Thousand Ultimatums (worn) {rN++ Will+}
   (You bought it in a shop in a bazaar)

   rN++:      It greatly protects you from negative energy.
   Will+:     It increases your willpower.
 Q - the +3 pair of mountain boots (worn) {steadfast, rC+}
   (You found it on level 14 of the Dungeon)

   Steadfast: It prevents involuntary movement, except for blinking,
   teleportation, or banishment.
   rC+:       It protects you from cold.
 S - a +5 kite shield of fire resistance (worn)
Jewellery
 a - the ring of Gunaefaq {Will+ Int+6 SInv}
   (You found it in a treasure trove)

   [ring of intelligence]

   Int+6:     It affects your intelligence (+6).
   Will+:     It increases your willpower.
   SInv:      It lets you see invisible.
 g - the ring of Quilaac {rC++ AC+4 Int+2}
   (You found it on level 3 of the Spider Nest)

   [ring of protection]

   AC+4:      It affects your AC (+4).
   Int+2:     It affects your intelligence (+2).
   rC++:      It greatly protects you from cold.
 j - the amulet "Sesogor" (around neck) {Acrobat ^Fragile +Blink Dex-5 Slay+5}
   (You found it on level 2 of the Lair of Beasts)

   [amulet of the acrobat]

   Acrobat:   It increases your evasion while moving and waiting.
   Dex-5:     It affects your dexterity (-5).
   Slay+5:    It affects your accuracy & damage with ranged weapons and melee
   (+5).
   +Blink:    It lets you blink.
   ^Fragile:  It will be destroyed if unequipped.
 l - the ring of the Magpie (right hand) {MP+9 Slay+3}
   (You found it on level 4 of the Depths)

   [ring of magical power]

   Slay+3:    It affects your accuracy & damage with ranged weapons and melee
   (+3).
   MP+9:      It affects your magic capacity (+9).
 p - the ring "Taoxuap" {Will+ Str+5 Int+6}
   (You found it on level 3 of the Elven Halls)

   [ring of intelligence]

   Str+5:     It affects your strength (+5).
   Int+6:     It affects your intelligence (+6).
   Will+:     It increases your willpower.
 w - the ring "Haoken" {Fly rCorr Str+2 Dex+6 Slay+2}
   (You bought it in a shop in a bazaar)

   [ring of flight]

   Str+2:     It affects your strength (+2).
   Dex+6:     It affects your dexterity (+6).
   Slay+2:    It affects your accuracy & damage with ranged weapons and melee
   (+2).
   Fly:       It grants you flight.
   rCorr:     It protects you from acid and corrosion.
 I - the ring of Hasole {rCorr Str+6 Int+3}
   (You found it on level 3 of the Elven Halls)

   [ring of strength]

   Str+6:     It affects your strength (+6).
   Int+3:     It affects your intelligence (+3).
   rCorr:     It protects you from acid and corrosion.
 J - the ring of Vycw {Fire Str+5 Int-5 Dex+4}
   (You found it in a Gauntlet)

   [ring of fire]

   Fire:      It enhances your fire magic.
   Str+5:     It affects your strength (+5).
   Int-5:     It affects your intelligence (-5).
   Dex+4:     It affects your dexterity (+4).
   rF+:       It protects you from fire.
   rC-:       It makes you vulnerable to cold.
 N - the ring "Veavoowa" (left hand) {^Contam rElec Str+6 Int+8 Slay+2}
   (You found it on level 3 of the Elven Halls)

   [ring of strength]

   Str+6:     It affects your strength (+6).
   Int+8:     It affects your intelligence (+8).
   Slay+2:    It affects your accuracy & damage with ranged weapons and melee
   (+2).
   rElec:     It insulates you from electricity.
   ^Contam:   It causes magical contamination when unequipped.
 R - the ring "Keomn" {rElec Will+ Int+6}
   (You found it on level 3 of the Elven Halls)

   [ring of intelligence]

   Int+6:     It affects your intelligence (+6).
   rElec:     It insulates you from electricity.
   Will+:     It increases your willpower.
 T - the amulet "Worghos" {Spirit Will+}
   (You found it on level 1 of the Depths)

   [amulet of guardian spirit]

   Spirit:    It causes incoming damage to be divided between your reserves of
   health and magic.
   Will+:     It increases your willpower.
 V - the ring "Tiuklergh" {rCorr MP+9 Str+6 Int+6 Slay-3}
   (You bought it in a shop on level 2 of the Orcish Mines)

   [ring of intelligence]

   Str+6:     It affects your strength (+6).
   Int+6:     It affects your intelligence (+6).
   Slay-3:    It affects your accuracy & damage with ranged weapons and melee
   (-3).
   MP+9:      It affects your magic capacity (+9).
   rCorr:     It protects you from acid and corrosion.
Wands
 z - a wand of digging (13)
 C - a wand of iceblast (45)
 F - a wand of quicksilver (42)
Scrolls
 d - 2 scrolls of silence
 e - 21 scrolls of teleportation
 h - 9 scrolls of immolation
 i - 13 scrolls of poison
 k - 9 scrolls of fear
 m - 17 scrolls of blinking
 n - a scroll of brand weapon
 t - a scroll of enchant armour
 x - 11 scrolls of fog
 D - 4 scrolls of summoning
Potions
 c - 3 potions of enlightenment
 o - 7 potions of invisibility
 r - 6 potions of cancellation
 v - 17 potions of curing {@q1}
 A - 7 potions of might
 E - 4 potions of attraction
 K - 11 potions of haste
 M - 8 potions of mutation
 P - 2 potions of berserk rage
 W - 2 potions of magic
Miscellaneous
 b - a phantom mirror
 X - a sack of spiders
 Y - a lightning rod (4/4)


   Skills:
 + Level 21.4 Fighting
 - Level 14.0 Short Blades
 + Level 18.5 Armour
 - Level 16.5 Dodging
 - Level 8.0 Stealth
 - Level 16.8 Shields
 + Level 20.4 Invocations
 - Level 5.0 Evocations


You had 26 spell levels left.
You didn't know any spells.
Your spell library contained the following spells:

 Spells                   Type           Power      Damage    Failure   Level
 Apportation              Tloc           0%         N/A       97%         1
 Freeze                   Ice            0%         1d3       97%         1
 Kiss of Death            Conj/Necr      0%         2d5       97%         1
 Necrotise                Necr           0%         1d4       97%         1
 Sandblast                Erth           0%         2d4       97%         1
 Shock                    Conj/Air       0%         1d3       97%         1
 Slow                     Hex            0%         N/A       97%         1
 Call Imp                 Summ           0%         N/A       99%         2
 Cigotuvi's Dreadful Rot  Necr/Alch/Air  0%         N/A       99%         2
 Ensorcelled Hibernation  Hex/Ice        0%         N/A       99%         2
 Jinxbite                 Hex            0%         N/A       99%         2
 Lesser Beckoning         Tloc           0%         N/A       99%         2
 Mercury Vapours          Alch/Air       0%         N/A       99%         2
 Scorch                   Fire           0%         2d5       99%         2
 Static Discharge         Conj/Air       0%         3-3/arc   99%         2
 Call Canine Familiar     Summ           0%         N/A       100%        3
 Confusing Touch          Hex            0%         N/A       100%        3
 Gell's Gravitas          Tloc           0%         N/A       100%        3
 Inner Flame              Hex/Fire       0%         N/A       100%        3
 Mephitic Cloud           Conj/Alch/Air  0%         N/A       100%        3
 Ozocubu's Armour         Ice            0%         N/A       100%        3
 Passwall                 Erth           0%         N/A       100%        3
 Sigil of Binding         Hex            0%         N/A       100%        3
 Stone Arrow              Conj/Erth      0%         3d7       100%        3
 Summon Ice Beast         Ice/Summ       0%         N/A       100%        3
 Swiftness                Air            0%         N/A       100%        3
 Teleport Other           Tloc           0%         N/A       100%        3
 Vampiric Draining        Necr           0%         2d6       100%        3
 Airstrike                Air            0%         2d(0-16)  100%        4
 Anguish                  Hex/Necr       0%         N/A       100%        4
 Animate Armour           Summ/Erth      0%         N/A       100%        4
 Animate Dead             Necr           0%         N/A       100%        4
 Brom's Barrelling Bould  Conj/Erth      0%         2d3       100%        4
 Dispel Undead            Necr           0%         3d6       100%        4
 Flame Wave               Conj/Fire      0%         2d4       100%        4
 Ignite Poison            Fire/Alch      0%         N/A       100%        4
 Martyr's Knell           Necr/Summ      0%         N/A       100%        4
 Olgreb's Toxic Radiance  Alch           0%         N/A       100%        4
 Passage of Golubria      Tloc           0%         N/A       100%        4
 Summon Blazeheart Golem  Fire/Summ      0%         N/A       100%        4
 Summon Lightning Spire   Summ/Air       0%         N/A       100%        4
 Alistair's Intoxication  Alch           0%         N/A       100%        5
 Arcjolt                  Conj/Air       0%         1d10      100%        5
 Borgnjor's Vile Clutch   Necr/Erth      0%         N/A       100%        5
 Curse of Agony           Necr           0%         N/A       100%        5
 Fireball                 Conj/Fire      0%         3d3       100%        5
 Freezing Cloud           Conj/Ice/Air   0%         6-21      100%        5
 Iskenderun's Battlesphe  Conj           0%         2d6       100%        5
 Lee's Rapid Deconstruct  Erth           0%         3d4*      100%        5
 Metabolic Englaciation   Hex/Ice        0%         N/A       100%        5
 Silence                  Hex/Air        0%         N/A       100%        5
 Summon Forest            Summ/Tloc      0%         N/A       100%        5
 Summon Mana Viper        Hex/Summ       0%         N/A       100%        5
 Yara's Violent Unravell  Hex/Alch       0%         3d3       100%        5
 Conjure Ball Lightning   Conj/Air       0%         3x3d6     100%        6
 Death Channel            Necr           0%         N/A       100%        6
 Eringya's Noxious Bog    Alch           0%         4d6       100%        6
 Sculpt Simulacrum        Ice/Alch       0%         N/A       100%        6
 Starburst                Conj/Fire      0%         6d3       100%        6
 Summon Cactus Giant      Summ           0%         N/A       100%        6
 Enfeeble                 Hex            0%         N/A       100%        7
 Haunt                    Necr/Summ      0%         N/A       100%        7
 Malign Gateway           Summ/Tloc      0%         N/A       100%        7
 Monstrous Menagerie      Summ           0%         N/A       100%        7
 Orb of Destruction       Conj           0%         9d5       100%        7
 Ozocubu's Refrigeration  Ice            0%         4d7       100%        7
 Spellforged Servitor     Conj/Summ      0%         N/A       100%        7
 Summon Hydra             Summ           0%         N/A       100%        7
 Borgnjor's Revivificati  Necr           0%         N/A       100%        8
 Discord                  Hex            0%         N/A       100%        8
 Disjunction              Tloc           0%         N/A       100%        8
 Infestation              Necr           0%         N/A       100%        8
 Lehudib's Crystal Spear  Conj/Erth      0%         10d2      100%        8
 Summon Horrible Things   Summ           0%         N/A       100%        8


Dungeon Overview and Level Annotations

Branches:
Dungeon (15/15)            Temple (1/1) D:4            Lair (5/5) D:10
 Shoals (4/4) Lair:3       Spider (4/4) Lair:2        Slime (0/5) Lair:4
    Orc (2/2) D:12            Elf (3/3) Orc:2        Vaults (5/5) D:14
  Crypt (3/3) Vaults:2       Tomb (0/3) Crypt:3      Depths (4/4) D:15
    Zot (5/5) Depths:4      Sewer (visited)         Gauntlet (visited)

Altars:
Ashenzari
Cheibriados
Dithmenos
Elyvilon
Fedhas
Gozag
Hepliaklqana
Kikubaaqudgha
Makhleb
Nemelex Xobeh
Okawaru
Qazlal
Ru
Sif Muna
Trog
Uskayaw
Vehumet
Wu Jian
Xom
Yredelemnul
Zin
The Shining One
Jiyva

Shops:
D:8 *   D:9 ?   D:13 :   D:14 *   Orc:2 [(*=*   Elf:1 [(((!   Elf:2 ?:
Vaults:1 (   Vaults:2 =   Depths:1 *   Depths:2 [   Depths:4 *

Portals:
Hell: Depths:1 Depths:2 Depths:3 Depths:4
Abyss: Depths:2 Depths:3
Pandemonium: Depths:2
Ziggurat: Depths:3

Annotations:
D:4 1 runed translucent door, Crazy Yiuf
Vaults:5 Boris


Innate Abilities, Weirdness & Mutations

You have razor-sharp teeth.
Your natural rate of healing is unusually fast.
When hurt, damage is shared between your health and your magic reserves.
Your bite disrupts and absorbs the magic of your enemies.
Potions cannot restore your health.
Your body sometimes deteriorates upon taking damage.


Message History

The soul eater is lightly wounded.
The soul eater's magic is no longer disrupted.
You hit the soul eater. You bite the soul eater!!
The soul eater's magic leaks into the air.
You drain its magic. You puncture the soul eater! You bite the soul eater!
You kill the soul eater!
No target in view!
No target in view!
No target in view!
No target in view!
No target in view!
There is a stone staircase leading up here.
You climb upwards.
There is a stone staircase leading down here.
There is a stone staircase leading up here.
You climb upwards.
There is a stone staircase leading down here.
An Ice Fiend comes into view.
The Ice Fiend roars!
The Ice Fiend gestures at you. The bolt of cold misses you.
You block the Ice Fiend's attack.
You riposte.
You hit the Ice Fiend. You bite the Ice Fiend!
The Ice Fiend's magic leaks into the air.
You drain its magic. You hit the Ice Fiend. You bite the Ice Fiend!!
The Ice Fiend's magic leaks into the air.
You drain its magic.
The Ice Fiend is heavily wounded.
The Ice Fiend barely misses you.
You puncture the Ice Fiend! You bite the Ice Fiend!!
The Ice Fiend's magic leaks into the air.
You drain its magic. You puncture the Ice Fiend! You bite the Ice Fiend.
You kill the Ice Fiend!
You can now pass through a line of other dancers.
No target in view!
No target in view!
No target in view!
There is an open door here.
There is a staircase leading out of the dungeon here.
You have escaped!

##.......# #.#.........# #......
##.##.#### #.#.##.###..# #......
#.....######.#.##.###..## #......
#..#..#......#.....##...# #......
#..#..#.######..##.##...###......
#..#..#.#######.#................
##.#............#..#'#.###.......
.....##.############.#.# #.......
##.#.##.########@....#.# #.......
#.#......(....#####>#.# ##......
##'###.#####.### ###.# #####.#
...........#.# #.## #.#
.....#.#.###.# #..# #.#
.....#.#.# #.# ##.# #.#
....##.#.###.# #.#### #.#
.......#.....##########....####.#
.............................##.#


There were no monsters in sight!

Vanquished Creatures
  A dread lich (Crypt:3)
  5 ancient liches
  4 orbs of fire
  A pandemonium lord (D:14)
  2 Killer Klowns (Zot:5)
  Parghit (Depths:3)
  Margery (Depths:4)
  5 caustic shrikes (Depths:4)
  8 golden dragons
  2 bone dragons (Zot:2)
  A Tzitzimitl (Zot:1)
  An electric golem (Zot:5)
  14 tentacled monstrosities
  A Hell Sentinel (Zot:1)
  Zenata (Elf:3)
  A hellephant (Depths:4)
  An Ice Fiend (D:1)
  2 titans (Vaults:5)
  6 liches
  23 Orb Guardians
  2 ancient champions
  4 deep elf blademasters (Elf:3)
  4 deep elf master archers (Elf:3)
  3 quicksilver dragons
  9 sphinxes
  Polyphemus (Shoals:2)
  A kraken (Shoals:4)
  8 death cobs
  Kirke (Lair:4)
  Agnes (Spider:2)
  6 tengu reavers
  14 shadow dragons
  The ghost of ripuliukko the Eclecticist, an adept GrEE of Vehumet (Spider:3)
  2 protean progenitors (Zot:1)
  Aizul (Spider:3)
  4 emperor scorpions
  A draconian knight (Zot:2)
  A draconian monk (Depths:4)
  6 storm dragons
  4 revenants
  10 fire giants
  2 draconian scorchers (Zot:2)
  A draconian shifter (Depths:4)
  2 iron dragons
  2 balrugs
  16 vault wardens
  10 frost giants
  2 deep elf sorcerers
  2 cacodemons
  5 curse skulls
  Louise (Shoals:2)
  2 orc warlords
  3 deep elf elementalists (Elf:3)
  A reaper (D:14)
  A draconian stormcaller (Zot:2)
  A ghost moth (Zot:5)
  3 spriggan defenders
  A caustic shrike skeleton (Crypt:3)
  18 ironbound preservers
  4 broodmothers
  A formless jellyfish (Vaults:4)
  A quicksilver ooze (Vaults:1)
  A draconian annihilator (Zot:2)
  4 vampire knights
  34 stone giants
  22 very ugly things
  5 green draconians
  A minotaur (Gauntlet)
  6 ironbound thunderhulks
  2 black draconians (Zot:2)
  4 war gargoyles
  12 spark wasps
  3 deep elf demonologists
  9 deep elf death magi
  5 deep elf annihilators
  5 purple draconians
  3 white draconians
  11 dire elephants
  An eidolon (Crypt:3)
  10 merfolk impalers
  4 yellow draconians
  2 crystal guardians (Vaults:3)
  5 red draconians
  10 ettins
  6 merfolk javelineers (Shoals:4)
  A blizzard demon (Zot:1)
  A mummy priest (Crypt:3)
  6 jiangshi (Crypt:1)
  Josephine (D:13)
  14 yaktaur captains
  6 deep elf high priests
  8 fire dragons
  A spriggan zombie (Crypt:1)
  6 rakshasas
  10 great orbs of eyes
  5 entropy weavers
  4 merfolk avatars
  37 vault guards
  5 hydras
  Erolcha (D:10)
  3 radroaches (Spider:3)
  2 ghost crabs
  A jorogumo (Spider:4)
  A sphinx zombie (Crypt:1)
  14 ice dragons
  4 spriggan air magi
  2 peacekeepers (Vaults:3)
  2 death knights
  5 boulder beetles
  10 centaur warriors
  8 ironbound frosthearts
  3 ogre magi
  A caustic shrike simulacrum (Depths:3)
  14 two-headed ogres
  9 death yaks
  A catoblepas (Shoals:2)
  2 merfolk aquamancers
  30 dancing weapons
  2 deep troll shamans
  10 demonic crawlers
  3 orc high priests (Orc:2)
  A sphinx skeleton (Vaults:2)
  4 deep troll earth magi
  4 vampire magi
  A satyr (Shoals:4)
  Urug (Lair:1)
  7 tengu warriors
  6 soul eaters
  2 spriggan berserkers
  18 deep elf knights
  3 hell knights (Depths:4)
  A storm dragon zombie (Depths:3)
  A titan skeleton (Vaults:2)
  6 sun demons
  7 iron trolls
  24 skeletal warriors
  A skyshark (shapeshifter) (Vaults:5)
  3 shadow wraiths
  A storm dragon skeleton (Crypt:3)
  2 sixfirhies (Depths:1)
  4 pharaoh ants
  A spark wasp zombie (Depths:3)
  Lodul (D:14)
  3 skysharks
  5 sun moths
  A deep troll (shapeshifter) (Vaults:5)
  7 sea snakes
  A shadow demon (Depths:2)
  48 deep trolls
  10 flayed ghosts
  A kraken simulacrum (Shoals:1)
  A mana viper (shapeshifter) (Depths:2)
  8 orb spiders
  A sea snake (shapeshifter) (D:15)
  4 glowing orange brains
  2 large abominations
  7 arcanists
  12 deep elf archers
  A spriggan simulacrum (Crypt:1)
  A tengu zombie (Depths:3)
  2 bunyip skeletons
  8 harpies
  16 ironbound convokers
  6 steelbarb worms
  8 lindwurms
  10 orc knights
  18 phantasmal warriors
  45 deep elf zephyrmancers
  2 obsidian statues
  32 deep elf pyromancers
  5 necromancers
  A tengu skeleton (Vaults:2)
  3 orc sorcerers (Orc:2)
  A cyclops (shapeshifter) (Vaults:5)
  35 ugly things
  17 wolf spiders
  5 fauns
  15 manticores
  An alligator zombie (Crypt:1)
  22 moths of wrath
  A glowing shapeshifter (Vaults:5)
  A jorogumo skeleton (Crypt:2)
  A faun (shapeshifter) (Vaults:5)
  A guardian serpent (shapeshifter) (D:14)
  12 cyclopes
  5 stone giant skeletons
  5 merfolk sirens
  15 elephants
  6 black mambas
  A fire giant skeleton (Crypt:2)
  6 meliai (Spider:4)
  A kobold blastminer (Orc:1)
  16 vault sentinels
  7 torpor snails
  6 water nymphs
  A molten gargoyle (Lair:5)
  A smoke demon (Depths:2)
  8 gargoyles
  A shock serpent skeleton (Crypt:1)
  An orange demon (Depths:1)
  A cane toad (shapeshifter) (Depths:2)
  10 cane toads
  An efreet (D:14)
  Jeremiah (D:8)
  A centaur skeleton (Crypt:1)
  2 unseen horrors (D:7)
  A komodo dragon (shapeshifter) (Elf:2)
  32 yaktaurs
  3 rime drakes
  4 tengu conjurers
  A tormentor (Depths:2)
  5 guardian mummies
  10 komodo dragons
  A minotaur zombie (Gauntlet)
  7 freezing wraiths
  A sea snake skeleton (Crypt:1)
  An ice devil (D:14)
  2 merfolk (shapeshifter)
  5 tyrant leeches
  24 merfolk
  A death drake skeleton (Crypt:2)
  24 tarantellas
  19 polar bears
  12 trolls
  2 wind drakes (shapeshifter) (Depths:2)
  Prince Ribbit (D:5)
  5 wind drakes
  12 blink frogs
  16 hornets
  A glass eye (shapeshifter) (Depths:3)
  A snapping turtle (shapeshifter) (Depths:4)
  2 glass eyes
  4 snapping turtles
  2 harpy skeletons (Crypt:3)
  23 slime creatures
  18 jumping spiders
  9 spriggans
  3 vampires
  An air elemental (Elf:1)
  An ettin skeleton (Vaults:2)
  32 culicivoras
  7 water elementals
  8 shadows
  19 wraiths
  10 wyverns
  45 yaks
  6 fire dragon skeletons (Crypt:3)
  3 hogs (Lair:4)
  A human (Lair:4)
  Grum (D:8)
  6 basilisks
  10 vampire mosquitoes
  An alligator snapping turtle simulacrum (Shoals:1)
  6 fire elementals
  43 redbacks
  5 death yak simulacra (Shoals:1)
  4 steam dragons
  A sea snake simulacrum (Shoals:1)
  A harpy simulacrum (Shoals:1)
  2 wargs
  6 small abominations (Gauntlet)
  14 water moccasins
  A fire bat skeleton (Crypt:2)
  35 orc warriors
  3 human skeletons (Vaults:2)
  2 sky beasts (D:7)
  A swamp dragon zombie (Crypt:2)
  17 black bears
  A satyr simulacrum (Shoals:1)
  20 laughing skulls
  35 ogres
  12 wolves
  A crocodile (Sewer)
  A boggart (shapeshifter) (D:15)
  8 centaurs
  A torpor snail zombie (Crypt:2)
  2 kobold brigands
  5 earth elementals
  13 bullfrogs
  2 faun simulacra (Shoals:1)
  5 merfolk simulacra (Shoals:1)
  A rime drake skeleton (Crypt:1)
  6 scorpions
  A yaktaur skeleton (Crypt:2)
  A wyvern skeleton (Crypt:1)
  7 wights (D:8)
  A troll zombie (Crypt:2)
  A polar bear zombie (Crypt:1)
  A killer bee (D:7)
  A manticore simulacrum (Shoals:1)
  A swamp dragon simulacrum (Crypt:1)
  2 snapping turtle simulacra (Shoals:1)
  6 electric eels
  3 howler monkeys
  A bullfrog zombie (Crypt:1)
  10 hounds
  13 jellies
  3 bombardier beetles
  A gnoll bouda (D:6)
  17 orc priests
  A cyclops simulacrum (Shoals:1)
  2 sleepcaps
  6 iguanas
  33 orc wizards
  Natasha (twice) (D:2)
  2 centaur simulacra (Shoals:1)
  A brain worm zombie (Crypt:2)
  8 mummies (Crypt:3)
  13 gnolls
  A river rat (D:3)
  A steam dragon zombie (Crypt:1)
  6 adders
  2 shadow imps
  3 white imps
  An ufetubus (D:7)
  An adder zombie (Crypt:1)
  A dart slug (D:2)
  2 ribbon worms
  107 orcs
  5 bats
  8 endoplasms
  2 giant cockroaches (D:1)
  6 goblins
  9 hobgoblins
  3 jackals (Sewer)
  17 kobolds
  2 quokkas
  7 ball pythons
  2 frilled lizards
  6 rats
  7 tentacles
2212 creatures vanquished.

Vanquished Creatures (collateral kills)
  An orb spider (Spider:4)
  A sun moth (Spider:4)
2 creatures vanquished.

Vanquished Creatures (others)
  A deep elf knight (Elf:1)
  A skeletal warrior (D:7)
  A deep elf zephyrmancer (Elf:2)
  2 deep elf pyromancers (Elf:1)
  An air elemental (Elf:1)
  13 tentacles
19 creatures vanquished.

Grand Total: 2233 creatures vanquished

Notes
Turn   | Place    | Note
-------+----------+-------------------------------------------
     0 | D:1      | kuniqs the Vine Stalker Berserker began the quest for the
                  | Orb.
     0 | D:1      | Reached XP level 1. HP: 11/11 MP: 2/2
   166 | D:1      | Reached XP level 2. HP: 16/16 MP: 3/3
   625 | D:1      | Reached skill level 3 in Fighting
   845 | D:2      | Reached XP level 3. HP: 18/20 MP: 1/4
  1119 | D:2      | Found a faded altar of an unknown god.
  1194 | D:2      | Noticed Natasha
  1207 | D:2      | Killed Natasha
  1208 | D:2      | Reached XP level 4. HP: 24/24 MP: 5/5
  1426 | D:2      | Reached ** piety under Trog
  1860 | D:2      | Noticed Natasha
  1885 | D:2      | Killed Natasha
  1886 | D:2      | Reached skill level 1 in Invocations
  1922 | D:2      | Identified the +12 whip "Esuamn" {venom, rElec rN+ Str+5
                  | Int-2}
  2270 | D:3      | Reached XP level 5. HP: 24/28 MP: 5/7
  2334 | D:3      | Found a glowing drain.
  2338 | Sewer    | Entered a sewer
  2400 | Sewer    | Noticed a crocodile
  2410 | Sewer    | Killed a crocodile
  2411 | Sewer    | Reached XP level 6. HP: 33/33 MP: 4/8
  3050 | D:4      | Reached skill level 4 in Fighting
  3050 | D:4      | Reached skill level 5 in Short Blades
  3082 | D:4      | Found a runed translucent door.
  3083 | D:4      | Noticed Crazy Yiuf
  3150 | D:4      | Found a staircase to the Ecumenical Temple.
  3196 | D:4      | You are sucked into a shaft and drop 2 floors!
  3237 | D:6      | Reached XP level 7. HP: 34/37 MP: 10/10
  3243 | D:5      | Entered Level 5 of the Dungeon
  3360 | D:5      | Reached *** piety under Trog
  3485 | D:4      | Noticed a +0 dagger
  3487 | D:4      | Noticed a +0 dagger
  3488 | D:4      | Found a hide-covered altar of Uskayaw.
  3536 | Temple   | Entered the Ecumenical Temple
  3895 | D:5      | Gained mutation: You have razor-sharp teeth. [Vine Stalker
                  | growth]
  3895 | D:5      | Reached XP level 8. HP: 41/42 MP: 8/12
  3932 | D:5      | Reached skill level 5 in Fighting
  4029 | D:5      | Noticed Prince Ribbit
  4035 | D:5      | Killed Prince Ribbit
  4173 | D:5      | Found a large runed translucent door.
  4174 | D:5      | Found a large runed translucent door.
  4179 | D:5      | Noticed a yak
  4225 | D:5      | Found a large runed translucent door.
  4225 | D:5      | Found a large runed translucent door.
  4251 | D:5      | Identified the +7 lajatang of Okawaru, Gnashing {drain,
                  | Str+4 Int+4 Dex-5}
  4315 | D:5      | Noticed a yak
  4322 | D:5      | Killed a yak
  4323 | D:5      | Reached skill level 5 in Invocations
  4345 | D:5      | Killed a yak
  4346 | D:5      | Reached XP level 9. HP: 48/48 MP: 13/13
  4466 | D:6      | Reached skill level 6 in Fighting
  4611 | D:6      | Reached **** piety under Trog
  5682 | D:7      | Reached XP level 10. HP: 53/53 MP: 15/15
  5951 | D:8      | Reached skill level 7 in Fighting
  6119 | D:8      | Found a bloodstained altar of Trog.
  6230 | D:8      | Noticed Jeremiah
  6237 | D:8      | Killed Jeremiah
  6238 | D:8      | Reached skill level 10 in Short Blades
  6257 | D:8      | Found Turomuen's Assorted Antiques.
  6276 | D:8      | Noticed Grum
  6294 | D:8      | Killed Grum
  6429 | D:8      | Reached ***** piety under Trog
  6797 | D:9      | Found Igoe's Magic Scroll Emporium.
  6804 | D:9      | Bought a scroll of immolation for 56 gold pieces
  6804 | D:9      | Bought a scroll of identify for 28 gold pieces
  6873 | D:9      | Identified the +7 orcbow "Tewniumn" {antimagic, Str+5}
  7030 | D:9      | Reached skill level 8 in Fighting
  7064 | D:9      | Found a blossoming altar of Fedhas.
  7070 | D:9      | Found a glowing silver altar of Zin.
  7188 | D:9      | Reached XP level 11. HP: 54/60 MP: 13/18
  7334 | D:10     | Entered Level 10 of the Dungeon
  7370 | D:10     | Noticed Erolcha
  7384 | D:10     | Killed Erolcha
  7438 | D:10     | Found a staircase to the Lair.
  7740 | D:10     | Reached skill level 1 in Evocations
  7963 | D:10     | Noticed a two-headed ogre
  7976 | D:10     | Killed a two-headed ogre
  8185 | D:11     | Noticed a two-headed ogre
  8195 | D:11     | Killed a two-headed ogre
  8522 | D:11     | Noticed a manticore
  8529 | D:11     | Killed a manticore
  8608 | D:11     | Found a portal to a secret trove of treasure.
  9231 | D:12     | Noticed a boulder beetle
  9249 | D:12     | Killed a boulder beetle
  9250 | D:12     | Reached XP level 12. HP: 65/65 MP: 19/19
  9271 | D:12     | Reached skill level 9 in Fighting
  9340 | D:12     | Noticed a boulder beetle
  9354 | D:12     | Killed a boulder beetle
  9424 | D:12     | Found a staircase to the Orcish Mines.
  9467 | D:12     | Received a gift from Trog
  9761 | D:13     | Noticed a centaur warrior
  9776 | D:13     | Killed a centaur warrior
  9944 | D:13     | Found Uceqite's Self-Published Books.
 10051 | D:13     | Noticed a tengu warrior
 10070 | D:13     | Killed a tengu warrior
 10071 | D:13     | Reached skill level 5 in Evocations
 10299 | D:13     | Noticed Josephine
 10308 | D:13     | Killed Josephine
 10654 | D:14     | Found Cogo's Assorted Antiques.
 10657 | D:14     | Bought 2 clear potions for 68 gold pieces
 10657 | D:14     | Bought a pitted scale mail for 342 gold pieces
 10657 | D:14     | Identified the +5 scale mail of Inaction {rF++} (You bought
                  | it in a shop on level 14 of the Dungeon)
 10737 | D:14     | Found a glowing golden altar of the Shining One.
 10742 | D:14     | Noticed a six-headed hydra
 10756 | D:14     | Killed a six-headed hydra
 10869 | D:14     | Reached XP level 13. HP: 72/72 MP: 21/21
 10881 | D:14     | Reached skill level 10 in Invocations
 10942 | D:14     | Noticed an entropy weaver
 10949 | D:14     | Killed an entropy weaver
 10950 | D:14     | Reached skill level 10 in Fighting
 10950 | D:14     | Reached skill level 5 in Armour
 11023 | D:14     | Reached skill level 5 in Dodging
 11204 | D:14     | Noticed Lodul
 11225 | D:14     | Killed Lodul
 11379 | D:14     | Noticed an ironbound preserver
 11403 | D:14     | Killed an ironbound preserver
 11470 | D:14     | Found the +3 pair of mountain boots {steadfast, rC+}
 11473 | D:14     | Found a gate to the Vaults.
 11955 | D:15     | Entered Level 15 of the Dungeon
 12130 | D:15     | Found a bloodstained altar of Trog.
 12583 | D:15     | Reached skill level 1 in Shields
 13363 | Orc:1    | Entered Level 1 of the Orcish Mines
 13393 | Orc:1    | Reached XP level 14. HP: 64/77 MP: 21/23
 13419 | Orc:1    | Received a gift from Trog
 13791 | Orc:2    | Entered Level 2 of the Orcish Mines
 14256 | Orc:2    | Noticed an orc warlord
 14284 | Orc:2    | Found a staircase to the Elven Halls.
 14292 | Orc:2    | Received a gift from Trog
 14414 | Orc:2    | Found Seepo's General Store.
 14452 | Orc:2    | Reached skill level 11 in Fighting
 14537 | Orc:2    | Bought a potion of resistance for 110 gold pieces
 14537 | Orc:2    | Bought a scroll of summoning for 104 gold pieces
 14760 | Orc:2    | Killed an orc warlord
 14848 | Orc:2    | Found Zeitum's Jewellery Boutique.
 14866 | Orc:2    | Found Gasabiuf's Antique Armour Boutique.
 14945 | Orc:2    | Found Xuheynyu's General Store.
 14951 | Orc:2    | Bought a scroll of revelation for 90 gold pieces
 14951 | Orc:2    | Bought a scroll of fog for 48 gold pieces
 14960 | Orc:2    | Found Jamaj's Antique Weapon Boutique.
 15094 | Orc:2    | Bought the ring "Tiuklergh" {rCorr MP+9 Str+6 Int+6 Slay-3}
                  | for 877 gold pieces
 15340 | D:7      | Found a runed translucent door.
 15477 | D:7      | Reached ****** piety under Trog
 15880 | Lair:1   | Entered Level 1 of the Lair of Beasts
 15939 | Lair:1   | Received a gift from Trog
 15957 | Lair:1   | Noticed Urug
 15968 | Lair:1   | Killed Urug
 16426 | Lair:1   | Reached XP level 15. HP: 80/83 MP: 23/25
 16796 | Lair:2   | Identified the amulet "Sesogor" {Acrobat ^Fragile +Blink
                  | Dex-5 Slay+5}
 16831 | Lair:2   | Reached XP level 16. HP: 88/88 MP: 26/26
 16847 | Lair:2   | Found a gate leading to a gauntlet.
 16856 | Gauntlet | Entered a Gauntlet
 16856 | Gauntlet | Found a transporter.
 16856 | Gauntlet | Found a transporter.
 16856 | Gauntlet | Found a transporter.
 16857 | Gauntlet | Found a transporter.
 16860 | Gauntlet | Found a transporter.
 16876 | Gauntlet | Found a transporter.
 16878 | Gauntlet | Found a transporter.
 16892 | Gauntlet | Found a transporter.
 16907 | Gauntlet | Found a transporter.
 16924 | Gauntlet | Found a transporter.
 16928 | Gauntlet | Found a transporter.
 16938 | Gauntlet | Found a transporter.
 17042 | Gauntlet | Reached skill level 5 in Shields
 17104 | Gauntlet | Identified the ring of Vycw {Fire Str+5 Int-5 Dex+4}
 17453 | Lair:2   | Found a hole to the Spider Nest.
 17607 | Lair:2   | Received a gift from Trog
 18285 | Lair:3   | Reached skill level 12 in Fighting
 18452 | Lair:3   | Found a staircase to the Shoals.
 18515 | Lair:3   | Identified the +11 long sword of Rajes {heavy, rElec Will-
                  | Dex+3}
 18984 | Lair:4   | Found a viscous altar of Jiyva.
 18985 | Lair:4   | Found a staircase to the Slime Pits.
 19073 | Lair:4   | Received a gift from Trog
 19279 | Lair:4   | Noticed Kirke
 19291 | Lair:4   | Killed Kirke
 20078 | Lair:5   | Entered Level 5 of the Lair of Beasts
 20145 | Lair:5   | Found the +0 pair of fencer's gloves {Riposte Dex+3}
 20264 | Lair:5   | Received a gift from Trog
 20952 | Lair:5   | Reached XP level 17. HP: 74/94 MP: 27/27
 21243 | Spider:1 | Entered Level 1 of the Spider Nest
 21485 | Spider:2 | Noticed Agnes
 21513 | Spider:1 | Received a gift from Trog
 21547 | Spider:2 | Killed Agnes
 21588 | Spider:2 | Reached skill level 13 in Fighting
 21887 | Spider:4 | Entered Level 4 of the Spider Nest
 21923 | Spider:4 | Received a gift from Trog
 22150 | Spider:4 | Reached skill level 10 in Armour
 22179 | Spider:4 | Reached skill level 10 in Dodging
 22230 | Spider:4 | Got a milky-white gem with 1540 turns to spare
 22236 | Spider:4 | Got a gossamer rune of Zot
 22354 | Spider:2 | Reached XP level 18. HP: 100/100 MP: 29/29
 23176 | Spider:3 | Found a runed translucent gate.
 23176 | Spider:3 | Noticed ripuliukko's ghost (adept GrEE)
 23183 | Spider:3 | Found a runed translucent gate.
 23187 | Spider:3 | Found a runed translucent gate.
 23226 | Spider:3 | Identified the serpent talisman of Defence {rC- rN++}
 23226 | Spider:3 | Noticed Aizul
 23274 | Spider:3 | Killed Aizul
 23607 | Spider:4 | Received a gift from Trog
 24386 | Elf:1    | Entered Level 1 of the Elven Halls
 24471 | Elf:1    | Reached skill level 14 in Fighting
 24577 | Elf:1    | Found Higuklo's Weapon Shop.
 24806 | Elf:1    | Received a gift from Trog
 24908 | Elf:1    | Found Yzyp's Armour Shop.
 24927 | Elf:1    | Bought a +0 helmet of see invisible for 172 gold pieces
 24959 | Elf:1    | Paralysed by an air elemental for 1 turns
 25024 | Elf:1    | Identified the +3 whip of Slimy Judgement {flame, rF- rCorr
                  | Str+3}
 25122 | Elf:1    | Found Jiun's Distillery.
 25126 | Elf:1    | Bought a potion of enlightenment for 50 gold pieces
 25126 | Elf:1    | Bought a potion of curing for 30 gold pieces
 25170 | Elf:1    | Found Ulookhlikk's Weapon Shoppe.
 25174 | Elf:1    | Bought the +8 Vampire's Tooth {megavamp} for 600 gold
                  | pieces
 25174 | Elf:1    | Found the +8 Vampire's Tooth {megavamp}
 25264 | Elf:1    | Found Vusiast's Antique Weapon Shop.
 25267 | Elf:1    | Bought an encrusted dagger for 168 gold pieces
 25267 | Elf:1    | Identified the +10 dagger of the Smoking Gods {flame,
                  | +Blink rC++ Will+ Str-4} (You bought it in a shop on level
                  | 1 of the Elven Halls)
 25410 | Elf:2    | Reached skill level 10 in Shields
 25508 | Elf:2    | Found Woentunegisk's Magic Scroll Emporium.
 25536 | Elf:2    | Reached XP level 19. HP: 107/107 MP: 30/30
 25555 | Elf:2    | Found Vuobuj Cote's Book Emporium.
 25558 | Elf:2    | Bought a scroll of silence for 171 gold pieces
 25644 | Elf:2    | Received a gift from Trog
 25701 | Elf:2    | Found a runed translucent gate.
 25707 | Elf:2    | Found a runed translucent gate.
 25707 | Elf:2    | Found a runed translucent gate.
 26234 | Elf:2    | Identified the blade talisman "Quefoly" {Will+ Stlth+}
 26492 | Elf:3    | Entered Level 3 of the Elven Halls
 26680 | Elf:3    | Reached skill level 15 in Fighting
 26697 | Elf:3    | Received a gift from Trog
 27240 | Elf:3    | Noticed Zenata
 27261 | Elf:3    | Killed Zenata
 27769 | Elf:3    | Identified the ring of Hasole {rCorr Str+6 Int+3}
 27787 | Elf:3    | Identified the ring "Sofefaol" {rCorr Str+7 Int+2 Dex-4}
 27798 | Elf:3    | Identified the +3 arbalest of Quantum Leap {drain, rElec
                  | SInv Stlth-}
 27829 | Elf:3    | Identified the ring "Taoxuap" {Will+ Str+5 Int+6}
 27866 | Elf:3    | Received a gift from Trog
 27872 | Elf:3    | Identified the ring "Keomn" {rElec Will+ Int+6}
 27903 | Elf:3    | Fell from the grace of Trog
 27906 | Elf:3    | Identified the ring "Veavoowa" {^Contam rElec Str+6 Int+8
                  | Slay+2}
 27929 | Elf:3    | Identified the +7 flail of Absolution {flame, rF++ rCorr}
 27933 | Elf:3    | Identified the +1 great mace "Woifu" {holy, rCorr}
 28030 | Elf:3    | Got Willworking Continued
 28166 | Elf:2    | Bought a scroll of brand weapon for 171 gold pieces
 28249 | Elf:1    | Got the Directory of Blasting
 28321 | Elf:1    | Got Sif Muna's Catalogue of Twisted Malisons
 28568 | D:4      | Became a worshipper of Uskayaw the Reveller
 28811 | D:15     | Found a staircase to the Depths.
 28812 | D:15     | Reached * piety under Uskayaw
 28815 | D:15     | Reached ** piety under Uskayaw
 28816 | D:15     | Reached XP level 20. HP: 114/114 MP: 31/31
 28817 | D:15     | Reached *** piety under Uskayaw
 28820 | D:15     | Reached **** piety under Uskayaw
 29164 | Spider:3 | Killed ripuliukko's ghost
 29169 | Spider:3 | Reached ***** piety under Uskayaw
 29191 | Spider:3 | Identified the ring of Quilaac {rC++ AC+4 Int+2}
 29527 | Vaults:1 | Entered Level 1 of the Vaults
 29806 | Vaults:1 | Found a runed translucent door.
 29889 | Vaults:1 | Identified the +4 battleaxe "Ettaucuca" {elec, rElec rF+
                  | rCorr Dex-2}
 30040 | Vaults:1 | Found Rapauliupp's Weapon Shoppe.
 30053 | Vaults:1 | Bought 2 throwing nets for 66 gold pieces
 30461 | Vaults:1 | Reached ****** piety under Uskayaw
 30509 | Vaults:1 | Reached skill level 16 in Fighting
 30705 | Vaults:2 | Found Panoa's Jewellery Shop.
 30713 | Vaults:2 | Identified the +0 pair of boots of the Blue Moon {rElec}
 31422 | Vaults:2 | Found a staircase to the Crypt.
 31430 | Vaults:2 | Reached XP level 21. HP: 120/120 MP: 32/32
 32706 | Vaults:3 | Found the +9 sword of Power {lifebolt}
 32806 | Vaults:4 | Identified the +0 helmet of Yrchememi {+Blink rPois rF++
                  | rCorr}
 33307 | Vaults:4 | Reached skill level 1 in Stealth
 33309 | Vaults:4 | Reached skill level 17 in Fighting
 33446 | Vaults:4 | Gained mutation: Your body sometimes deteriorates upon
                  | taking damage. [a neqoxec]
 33456 | Vaults:4 | Found a gateway to a bazaar.
 33836 | Depths:1 | Entered Level 1 of the Depths
 34038 | Depths:1 | Reached XP level 22. HP: 126/126 MP: 34/34
 34117 | Depths:1 | Reached skill level 5 in Stealth
 34121 | Depths:1 | Found Hihureg's Neck Hole.
 34165 | Depths:1 | Found a gateway to Hell.
 34244 | Depths:1 | Identified the amulet "Worghos" {Spirit Will+}
 34400 | Depths:2 | Found Biem's Antique Armour Emporium.
 34512 | Depths:2 | Noticed a golden dragon
 34523 | Depths:2 | Killed a golden dragon
 34690 | Depths:2 | Found a one-way gate leading to the halls of Pandemonium.
 34996 | Depths:2 | Found a sacrificial altar of Ru.
 35115 | Depths:2 | Found a one-way gate to the infinite horrors of the Abyss.
 35179 | Depths:2 | Reached skill level 15 in Invocations
 35296 | Depths:2 | Identified the +4 quarterstaff of Nightmares {pain, +Blink
                  | rC+ Str-5}
 36031 | Depths:3 | Noticed Parghit
 36039 | Depths:3 | Killed Parghit
 36130 | Depths:3 | Found a one-way gateway to a ziggurat.
 36273 | Depths:3 | Found a hazy altar of Hepliaklqana.
 36406 | Depths:4 | Entered Level 4 of the Depths
 36433 | Depths:4 | Identified the ring of the Magpie {MP+9 Slay+3}
 36470 | Depths:4 | Reached XP level 23. HP: 108/129 MP: 35/35
 36539 | Depths:4 | Noticed Margery
 36562 | Depths:4 | Killed Margery
 36579 | Depths:4 | Found Oreteteott's General Store.
 36584 | Depths:4 | Noticed a caustic shrike
 36586 | Depths:4 | Noticed a caustic shrike
 36588 | Depths:4 | Noticed a caustic shrike
 36589 | Depths:4 | Noticed a caustic shrike
 36591 | Depths:4 | Killed a caustic shrike
 36592 | Depths:4 | Noticed a caustic shrike
 36596 | Depths:4 | Killed a caustic shrike
 36597 | Depths:4 | Killed a caustic shrike
 36598 | Depths:4 | Killed a caustic shrike
 36607 | Depths:4 | Killed a caustic shrike
 36624 | Depths:4 | Noticed a golden dragon
 36633 | Depths:4 | Killed a golden dragon
 36634 | Depths:4 | Reached skill level 18 in Fighting
 36634 | Depths:4 | Reached skill level 15 in Armour
 36726 | Depths:4 | Reached skill level 15 in Shields
 36732 | Depths:4 | Reached skill level 15 in Dodging
 36851 | Depths:4 | Found a gate to the Realm of Zot.
 36867 | Depths:4 | Got a midnight gem with 40 turns to spare
 36943 | Depths:4 | Found a snail-covered altar of Cheibriados.
 37650 | Crypt:1  | Entered Level 1 of the Crypt
 37959 | Crypt:1  | Noticed an ancient lich
 37963 | Crypt:1  | Killed an ancient lich
 38022 | Crypt:1  | Identified the +1 ring mail of Jedoos {Int+2}
 38260 | Crypt:2  | Identified the blade talisman of Ogherien {Stlth+}
 38903 | Crypt:3  | Entered Level 3 of the Crypt
 38946 | Crypt:3  | Reached XP level 24. HP: 139/139 MP: 36/36
 39308 | Crypt:3  | Identified the ring "Jaatt" {rN+ Str+3 Int+3}
 39308 | Crypt:3  | Identified the amulet of Foolhardiness {rElec Regen+
                  | Stlth+}
 39308 | Crypt:3  | Identified the ring "Ypnaaxelu" {rN+ Int+3}
 39438 | Crypt:3  | Identified the ring of Webb {Wiz ^Drain rF+ SInv}
 39572 | Crypt:3  | Found a staircase to the Tomb.
 39572 | Crypt:3  | Noticed an ancient lich
 39579 | Crypt:3  | Killed an ancient lich
 40005 | Crypt:3  | Found an ancient bone altar of Kikubaaqudgha.
 40007 | Crypt:3  | Noticed a dread lich
 40017 | Crypt:3  | Killed a dread lich
 40064 | Crypt:3  | Found the +6 Majin-Bo {spellvamp, MP+6 Int+6}
 40079 | Crypt:3  | Got Caewkel's Parchment of Cadavers
 40080 | Crypt:3  | Identified the ring of the Echidna {Fire Str+3}
 40436 | Vaults:5 | Entered Level 5 of the Vaults
 40641 | Vaults:5 | Reached skill level 19 in Fighting
 40878 | Vaults:5 | Identified the dragon-blood talisman of Kikubaaqudgha's
                  | Hope {rElec rN++ Int+4 Slay-2}
 40886 | Vaults:5 | Got Jome's Quarto of Molten Voltage
 40888 | Vaults:5 | Got a silver rune of Zot
 40947 | Vaults:5 | Reached XP level 25. HP: 144/144 MP: 36/36
 40988 | Vaults:5 | Identified the ring of Cheibriados's Wrath {rF+ Str+6
                  | Int+2}
 41160 | Vaults:5 | Got the Exposition on the Boggart
 41215 | Vaults:5 | Got the Exposition on the Summoned Tundra
 41354 | Vaults:5 | Noticed Boris
 41609 | Vaults:5 | Reached XP level 26. HP: 151/151 MP: 36/36
 42015 | D:15     | Paralysed by Trog for 4 turns
 42501 | Shoals:1 | Entered Level 1 of the Shoals
 42631 | Shoals:1 | Found a runed translucent gate.
 42632 | Shoals:1 | Found a runed translucent gate.
 42633 | Shoals:1 | Found a runed translucent gate.
 42735 | Shoals:1 | Identified the +6 spear of Hubris {flame, +Blink rPois rN+
                  | Dex-5}
 42741 | Shoals:1 | Got the Incunabulum of the Crater
 43060 | Shoals:2 | Noticed Louise
 43069 | Shoals:2 | Killed Louise
 43197 | Shoals:2 | Noticed Polyphemus
 43204 | Shoals:2 | Killed Polyphemus
 43333 | Shoals:4 | Entered Level 4 of the Shoals
 43428 | Shoals:4 | Found the +11 plutonium sword {^Contam Stlth-}
 43691 | Shoals:4 | Got a barnacled rune of Zot
 43693 | Shoals:4 | Got an azure gem with 578 turns to spare
 44326 | Bazaar   | Entered a bazaar
 44326 | Bazaar   | Found Qyhemer's Distillery.
 44326 | Bazaar   | Found Gueh's Distillery.
 44332 | Bazaar   | Bought a potion of haste for 180 gold pieces
 44332 | Bazaar   | Bought a potion of haste for 180 gold pieces
 44340 | Bazaar   | Bought a potion of haste for 170 gold pieces
 44340 | Bazaar   | Bought a potion of haste for 170 gold pieces
 44341 | Bazaar   | Found Zyucziuv's Jewellery Shoppe.
 44349 | Bazaar   | Bought the ring "Haoken" {Fly rCorr Str+2 Dex+6 Slay+2} for
                  | 608 gold pieces
 44357 | Bazaar   | Found Aneerchog's Antique Armour Shop.
 44365 | Bazaar   | Bought a warped cloak for 275 gold pieces
 44365 | Bazaar   | Identified the +0 cloak of a Thousand Ultimatums {rN++
                  | Will+} (You bought it in a shop in a bazaar)
 44379 | Bazaar   | Found Hoohyiwn's Assorted Antiques.
 44387 | Bazaar   | Bought a scroll of revelation for 195 gold pieces
 44387 | Bazaar   | Bought a scroll of blinking for 195 gold pieces
 44387 | Bazaar   | Bought a scroll of teleportation for 78 gold pieces
 44501 | Vaults:1 | Was forgiven by Trog
 44699 | Elf:2    | Bought a scroll of blinking for 135 gold pieces
 44699 | Elf:2    | Bought a scroll of fog for 72 gold pieces
 44699 | Elf:2    | Bought a scroll of brand weapon for 171 gold pieces
 44699 | Elf:2    | Bought a scroll of teleportation for 54 gold pieces
 44699 | Elf:2    | Bought a scroll of blinking for 135 gold pieces
 44699 | Elf:2    | Bought a scroll of fog for 72 gold pieces
 44854 | D:8      | Bought a scroll of fear for 120 gold pieces
 44854 | D:8      | Bought a scroll of teleportation for 90 gold pieces
 44960 | D:11     | You paid a toll of 5 potions of resistance to enter a
                  | treasure trove
 44961 | Trove    | Entered a treasure trove
 44971 | Trove    | Identified the ring "Quhic" {AC+4 Str+2 Dex+3}
 44974 | Trove    | Identified the ring of Youthful Indiscretion {rCorr Str+3}
 44977 | Trove    | Identified the amulet of Xom's Amusement {Reflect rElec
                  | Dex+2 SH+5}
 44980 | Trove    | Identified the ring of Soshut {Wiz Dex+3}
 44983 | Trove    | Identified the amulet "Guexie Ikaer" {Reflect Dex+5 SH+5}
 44991 | Trove    | Identified the ring of Gunaefaq {Will+ Int+6 SInv}
 44995 | Trove    | Identified the ring of Circularity {Wiz rPois rF- Str+2}
 44998 | Trove    | Identified the ring of Vaheg {rF+ Int+6}
 45236 | Zot:1    | Entered Level 1 of the Realm of Zot
 45350 | Zot:1    | Noticed an orb of fire
 45357 | Zot:1    | Killed an orb of fire
 45358 | Zot:1    | Reached skill level 20 in Fighting
 45559 | Zot:2    | Reached XP level 27. HP: 146/156 MP: 37/37
 45708 | Zot:2    | Noticed an ancient lich
 45712 | Zot:2    | Killed an ancient lich
 45720 | Zot:2    | Noticed an ancient lich
 45728 | Zot:2    | Killed an ancient lich
 45936 | Zot:5    | Entered Level 5 of the Realm of Zot
 45983 | Zot:5    | Got a prismatic gem with 326 turns to spare
 46014 | Zot:5    | Noticed an ancient lich
 46019 | Zot:5    | Killed an ancient lich
 46039 | Zot:5    | Noticed an orb of fire
 46040 | Zot:5    | Noticed an orb of fire
 46043 | Zot:5    | Killed an orb of fire
 46043 | Zot:5    | Noticed an orb of fire
 46048 | Zot:5    | Killed an orb of fire
 46051 | Zot:5    | Killed an orb of fire
 46063 | Zot:5    | Reached skill level 21 in Fighting
 46104 | Zot:5    | Got the Orb of Zot
 46611 | D:14     | Noticed Nehal the pandemonium lord
 46625 | D:14     | Killed Nehal the pandemonium lord
 46912 | D:$      | Escaped with the Orb!

Illustrated notes

Levels and vault maps discovered:
D:1:      amcnicky_arrival_choice, layout_basic
D:2:      layout_loops_corners, basic_ecumenical_altar, serial_co_window_serial,
          co_window_corner_a, co_window_paths_a, co_window_of_opportunity_a,
          co_window_paths_a, co_window_paths_a, co_window_corner_a,
          co_window_paths_a, co_window_paths_a, co_window_paths_a,
          co_window_corner_b, co_window_corner_b, co_window_2corner,
          co_window_4corner_a, co_window_4corner_b, glass_columns_b,
          glass_columns_b, glass_columns_b, uniq_natasha
D:3:      layout_loops_ring, gup_sewer_entry_bowl
D:4:      layout_cave_pools, dancing_weapons_uskayaw,
          minmay_temple_entry_slanted, minivault_19, uniq_crazy_yiuf_cottage
D:5:      layout_basic, serial_bayou_ford_a, minivault_4,
          chequers_serial_rivers_micro_d, serial_bayou_pond_c,
          minmay_hollow_rounded_squares, uniq_prince_ribbit1
D:6:      wad_pebble_path, layout_basic
D:7:      minmay_the_grid_triangle_9x9_rhombus_full
          [minmay_the_grid_triangle_9x9_warning,
          minmay_the_grid_triangle_9x9_subtriangle,
          minmay_the_grid_triangle_9x9_alien,
          minmay_the_grid_triangle_9x9_steps,
          minmay_the_grid_triangle_9x9_longest,
          minmay_the_grid_triangle_9x9_impossible_snake,
          minmay_the_grid_triangle_9x9_semitri,
          minmay_the_grid_triangle_9x9_prize_top_heavy], layout_basic,
          grunt_ministairs_6
D:8:      layout_gridville, mainiacjoe_overflow_small_starburst, serial_shops,
          shop, uniq_jeremiah, uniq_grum
D:9:      statuecave_lemuel, layout_irregular_city,
          amethyst_overflow_temple_binary, serial_shops, shop
D:10:     layout_grid_maze, erik_lair_island, special_room [special_room_orc],
          uniq_erolcha
D:11:     layout_stronghold, nicolae_trove_entry_isolated
D:12:     layout_cave_pools, orc_0_dummy
D:13:     layout_stronghold, nicolae_custom_books, uniq_josephine
D:14:     layout_basic, hellmonk_vaults_order_and_chaos, nicolae_stop_n_shop_2,
          tso_metal_star, uniq_lodul
D:15:     gammafunk_enter_depths_forms, layout_loops_cross, bloody_trog,
          serial_co_window_serial, co_window_paths_a, co_window_corner_a,
          co_window_corner_a, co_window_of_opportunity_a, co_window_paths_b,
          co_window_paths_a, co_window_of_opportunity_a, co_window_corner_b,
          co_window_2corner, co_window_broadway_a, co_window_of_opportunity_b,
          co_window_corner_b, co_window_paths_c, glass_columns_b
Temple:   mainiacjoe_temple_coin_purse
Lair:1:   layout_layer_cave, grunt_forest_stairs_basic, uniq_urug
Lair:2:   layout_cave_pods, dummy_spider_entry, gauntlet_entry_generic,
          small_statue_intersection, grunt_megastairs_1, serial_bayou_shore_b
Lair:3:   layout_regular_city, nicolae_shoals_entry_roost
Lair:4:   layout_layer_cave, minmay_slime_entry_jelly_boxes, grunt_megastairs_4,
          uniq_kirke
Lair:5:   wormcave, layout_gridlike, serial_bayou_shore_b, grunt_megastairs_3
Shoals:1: layout_shoals, nicolae_shoals_beach_cooler
Shoals:2: layout_shoals, uniq_louise, uniq_polyphemus
Shoals:3: layout_shoals, ebering_ghost_davey_jones, serial_shops,
          nicolae_shop_window_shopping, uniq_jorgrun, uniq_ilsuiw,
          uniq_mlioglotl, uniq_roxanne
Shoals:4: shoals_end_hangedman, layout_shoals, shoals_ilsuiw_alternative,
          nicolae_shoals_square_sea_wall
Spider:1: layout_spider_delve, einodemon_crawler_minivault
Spider:2: layout_spider_delve, uniq_agnes
Spider:3: layout_cave_pods, gammafunk_ghost_split,
          nicolae_spider_solar_radiation, uniq_aizul
Spider:4: grunt_spider_rune_island
Orc:1:    layout_caves
Orc:2:    grunt_orc_cross, layout_caves, guppyfry_orc_lava_fort
Elf:1:    eino_elf_arrival_shootout, layout_rooms, serial_shops,
          nicolae_shop_pleasant_corner_grove, nicolae_shop_tiny_real_fake_doors,
          shop, shop, nicolae_shop_tiny_glass, serial_library,
          serial_library_hellmonk_metal_room,
          serial_library_hellmonk_reading_circle,
          serial_library_regret_index_double_sided,
          serial_library_hellmonk_hallway_a, serial_library_hellmonk_hallway_a,
          minmay_elf_sorcery
Elf:2:    nicolae_elf_blades_splatter_lattice
          [nicolae_blade_entry_area_security], layout_loops_ring, serial_shops,
          shop_fountains, shop
Elf:3:    minmay_elf_hall, layout_loops_cross, uniq_zenata
Vaults:1: nicolae_vaults_lightning_bolt, nicolae_vaults_more_shelving_1,
          nicolae_vaults_sesquioval_fish, nicolae_vaults_diamond_1,
          nicolae_vaults_border_crossing, v_alt_pattern_1,
          dpeg_vaults_monster_box, nicolae_vaults_trapezoid_1,
          ontoclasm_vaults_eye, nicolae_vaults_specimen_jars,
          nicolae_vaults_little_squares_6, nicolae_vaults_storage_room_glass,
          nicolae_vaults_oozy_zoo, layout_vaults_omnigrid, serial_shops, shop
Vaults:2: vaults_dpeg_encased_lava, nicolae_vaults_prndl,
          ontoclasm_vaults_gallery, nicolae_vaults_trapezoid_3,
          nicolae_vaults_oval_intersection, minmay_crypt_entry_skeletal_spiral,
          nicolae_vaults_tangram_2, ontoclasm_vaults_chip, vaults_dpeg_cross,
          nicolae_vaults_diamond_1, layout_vaults_chaotic_city, serial_shops,
          nicolae_diamond_shop
Vaults:3: serial_ice_b, minmay_guarded_unrand_sword_of_power,
          vaults_standard_mumra_lines, hangedman_vaults_locks,
          nicolae_vaults_tangram_1, nicolae_vaults_tetromino_Z_1, v_misc_23,
          v_misc_24, nicolae_vaults_storage_closets_1, v_misc_25,
          nicolae_vaults_tetromino_Z_2, ontoclasm_vaults_decontamination,
          v_misc_9, v_misc_19, v_misc_17, hangedman_vaults_capsules,
          nicolae_vaults_alarming, layout_vaults_maze_snakey
Vaults:4: v_pattern_2, nicolae_vaults_house_3, nicolae_vaults_oval_intersection,
          vaults_standard_mumra_enter_the_diamond, nicolae_vaults_tetromino_L_1,
          nicolae_vaults_door_testing_chamber, hangedman_vaults_maws,
          ontoclasm_vaults_hangar, nicolae_vaults_tetromino_T_2, v_misc_14,
          nicolae_vaults_apartment_2, ontoclasm_vaults_chip, layout_vaults_ring,
          serial_shops, statue_bzr
Vaults:5: serial_shops, uniq_boris
Crypt:1:  layout_chaotic_city
Crypt:2:  layout_misc_corridors
Crypt:3:  quadcrypt_mu
Depths:1: layout_forbidden_donut, minmay_misc_feat_cross, hell_entry,
          minmay_misc_feat_plants, hangedman_decor_lopped,
          nicolae_shop_sticking_my_neck_out
Depths:2: regret_index_malice_mire, layout_honeycomb, rand_demon_pan_entry_7,
          hell_entry, serial_rivers, chequers_serial_rivers_micro_e,
          chequers_serial_rivers_small_a, chequers_serial_rivers_micro_e,
          chequers_serial_rivers_micro_e, serial_shops, shop,
          hangedman_abyss_entry_splay, nicolae_ru_path_of_blood,
          nicolae_concentric_dashed_squares_mild,
          chequers_serial_rivers_micro_c, infiniplex_staircase_diamond
Depths:3: minmay_ornate_pinched, layout_gridlike, enter_ziggurat_e, hell_entry,
          abyss_entry_small_statue_room, roderic_roman_lattice,
          nzn_hepliaklqana_mist_gate, serial_bayou_shore_b, uniq_parghit
Depths:4: grunt_zot_entry_gee_three, layout_cave_shapes, serial_shops,
          nicolae_shop_waterfront, grunt_hell_entry_dis_old, slow_altar_2,
          uniq_margery
Zot:1:    layout_onion_interference, grunt_megastairs_2
Zot:2:    hangedman_snap_crack_crunch, layout_cathedral_of_symmetry,
          regret_index_zotdec_zees, grunt_ministairs_11,
          regret_index_zot_stipple_split, nicolae_diode_stairs
Zot:3:    layout_gridlike, regret_index_zotdec_bone_old, grunt_megastairs_5
Zot:4:    circus_mu, layout_basic, grunt_ministairs_8
Zot:5:    layout_gridlike, nicolae_zig_zag_zippers

Skill      XL: |  1  2  3  4  5  6  7  8  9 10 11 12 13 14 15 16 17 18 19 20 21 22 23 24 25 26 27 |
---------------+----------------------------------------------------------------------------------+-----
Short Blades   | 3 4 5 6 8 9 11 12 13 14 | 14.0
Fighting       | 3 4 5 6 8 9 10 11 12 13 14 15 16 17 18 19 20 21 | 21.4
Invocations    | 1 2 4 5 6 8 9 11 12 13 14 15 16 17 18 20 | 20.4
Evocations     | 3 5 |  5.0
Armour         | 2 4 6 7 8 10 11 12 13 14 15 16 17 18 | 18.5
Dodging        | 2 4 6 7 8 10 11 12 13 14 15 16 | 16.5
Shields        | 1 4 7 8 10 11 12 13 14 15 16 | 16.8
Stealth        | 4 8 |  8.0

Action                     |  1- 3 |  4- 6 |  7- 9 | 10-12 | 13-15 | 16-18 | 19-21 | 22-24 | 25-27 || total
---------------------------+-------+-------+-------+-------+-------+-------+-------+-------+-------++-------
  Melee: Short sword       |    93 |       |       |    16 |       |       |       |       |       ||   109
         Bite              |    26 |    16 |    35 |   188 |   536 |   889 |   919 |  1237 |   971 ||  4817
         Punch             |     1 |     1 |     1 |    10 |     6 |       |       |       |       ||    19
         Dagger            |       |    22 |       |   253 |   342 |       |       |       |       ||   617
         Whip              |       |    78 |   169 |   267 |     9 |    52 |       |       |       ||   575
         Quick blade       |       |       |       |       |   789 |  1610 |  1611 |  1841 |  1441 ||  7292
  Throw: Dart              |       |       |     2 |    14 |     3 |       |       |       |       ||    19
 Invoke: Berserk           |       |     1 |     2 |     8 |     8 |     6 |     1 |       |       ||    26
         Trog's Hand       |       |       |       |     4 |     2 |     5 |     2 |       |       ||    13
         Brothers in Arms  |       |       |       |       |       |     1 |       |       |       ||     1
         Renounce Religion |       |       |       |       |       |       |     1 |       |       ||     1
         Grand Finale      |       |       |       |       |       |       |     2 |       |     2 ||     4
         Line Pass         |       |       |       |       |       |       |     2 |       |       ||     2
         Stomp             |       |       |       |       |       |       |       |     4 |       ||     4
  Evoke: Wand              |       |       |       |       |     4 |    18 |     4 |       |     2 ||    28
    Use: Scroll            |     2 |     5 |     4 |     6 |     3 |     6 |    12 |     3 |    11 ||    52
         Potion            |       |     1 |     5 |     1 |     1 |     1 |       |     1 |     9 ||    19
   Stab: Distracted        |       |       |       |       |       |       |     1 |       |       ||     1
         Paralysed         |       |       |       |       |       |       |    92 |   116 |    96 ||   304
         Confused          |       |       |       |       |       |       |     6 |       |       ||     6
 Armour: Animal skin       |     4 |       |       |       |       |       |       |       |       ||     4
         Ring mail         |     2 |       |       |       |       |       |       |       |       ||     2
         Scale mail        |    30 |    51 |    39 |       |       |       |       |       |       ||   120
         Plate armour      |       |       |    72 |   504 |   539 |   557 |   372 |    17 |       ||  2061
         Skin              |       |       |     2 |       |       |       |       |       |       ||     2
         Gold dragon scale |       |       |       |       |       |       |       |   352 |   308 ||   660
  Dodge: Dodged            |    52 |    45 |    65 |   221 |   221 |   351 |   289 |   263 |   286 ||  1793
  Block: Buckler           |       |       |       |       |    93 |   153 |    75 |       |       ||   321
         Kite shield       |       |       |       |       |       |       |   164 |   370 |   474 ||  1008
Riposte: Quick blade       |       |       |       |       |       |    85 |   114 |   163 |   178 ||   540
         Whip              |       |       |       |       |       |     5 |       |       |       ||     5
